 Dungeon Crawl Stone Soup version 0.29.0-4-gdea44cf6ec (webtiles) character file.

Game seed: 17446143450256089668

91 qw the Chopper (level 4, -1/26 HPs)
             Began as a Tengu Warper on Aug 28, 2022.
             Slain by an orc
             ... wielding a +0 war axe
              (5 damage)
             ... on level 3 of the Dungeon.
             The game lasted 00:00:11 (2250 turns).

qw the Chopper (Tengu Warper)                       Turns: 2250, Time: 00:00:11

Health: -1/26      AC:  8    Str: 14    XL:     4   Next: 57%
Magic:  8/8        EV:  6    Int: 13    God:
Gold:   115        SH:  0    Dex: 13    Spells: 7/7 levels left

rFire   . . .      SeeInvis .   Y - +2 hand axe
rCold   . . .      Faith    .   (no shield)
rNeg    . . .      Spirit   .   m - +0 chain mail
rPois   .          Reflect  .   (helmet restricted)
rElec   .          Harm     .   (no cloak)
rCorr   .          Rampage  .   (no gloves)
Will    .....                   (boots unavailable)
Stlth   ..........              (no amulet)
HPRegen 0.08/turn               (no ring)
MPRegen 0.11/turn               (no ring)

@: about to teleport
A: beak, talons 3
a: no special abilities


You were on level 3 of the Dungeon.
You visited 1 branch of the dungeon, and saw 3 of its levels.

You collected 115 gold pieces.


Innate Abilities, Weirdness & Mutations

You have a beak for a mouth.
You have claws for feet.


   Skills:
 - Level 2.0 Fighting
 + Level 5.1 Axes
 - Level 1.0 Throwing
 - Level 1.1 Armour
 - Level 2.1 Dodging
 - Level 2.0 Spellcasting
 - Level 2.4 Translocations


You had 7 spell levels left.
You didn't know any spells.
Your spell library contained the following spells:

 Spells                   Type           Power      Damage    Failure   Level
 Blink                    Tloc           14%        N/A       99%         2
 Gell's Gravitas          Tloc           7%         N/A       100%        3
 Lesser Beckoning         Tloc           7%         N/A       100%        3
 Teleport Other           Tloc           7%         N/A       100%        3
 Manifold Assault         Tloc           7%         N/A       100%        5

Inventory:

Hand Weapons
 p - a +0 mace
 Y - a +2 hand axe (weapon)
Armour
 j - a +0 pair of gloves
 m - a +0 chain mail (worn)
Scrolls
 b - 2 scrolls of teleportation
 k - a scroll of identify
 l - a scroll of fog {unknown}
 o - a scroll of poison {unknown}
Potions
 a - a potion of mutation {unknown}
 c - a potion of magic {unknown}
 d - a potion of cancellation {unknown}
 e - a potion of ambrosia {unknown}
 f - a potion of haste {unknown}
 g - a potion of lignification {unknown}
 h - a potion of attraction {unknown}
 i - a potion of berserk rage {unknown}
 n - a potion of heal wounds {unknown}

Dungeon Overview and Level Annotations

Branches:
Dungeon (3/15)

Altars:
Makhleb


Message History

You completely miss the endoplasm. You claw the endoplasm.
The endoplasm is lightly wounded.
The endoplasm hits you but does no damage.
You hit the endoplasm.
The endoplasm is severely wounded.
The endoplasm freezes you.
You are frozen.
You barely miss the endoplasm. You peck the endoplasm.
You kill the endoplasm!
You start resting.
HP restored.
i - an amethyst potion An adder comes into view.
Found a stone staircase leading down.
Enter note: An orc comes into view. It is wielding a +0 war axe.
You barely miss the adder. The adder bites you but does no damage.
You slash the adder! Your kick misses the adder.
The adder is severely wounded.
The adder bites you but does no damage.
You hit the adder.
You kill the adder!
You barely miss the orc. You claw the orc.
The orc is heavily wounded.
The orc hits you with a +0 war axe.
You barely miss the orc. Your peck misses the orc.
The orc is heavily wounded.
The orc hits you with a +0 war axe!
You hit the orc but do no damage. You claw the orc, but do no damage.
Your peck misses the orc.
The orc is heavily wounded.
The orc hits you with a +0 war axe!
2249 ||| READING 3 scrolls of teleportation.
As you read the scroll of teleportation, it crumbles to dust.
You feel strangely unstable.
The orc drinks a potion.
The orc is healed!
You hit the orc but do no damage. You claw the orc, but do no damage.
The orc hits you with a +0 war axe.
You die...

#...>..#.##
.........##
..........#
............#
#...........#
#...........#
#...........#
#.@o......#.#
#..#.....##.#
##..# ...###.#
## #######...#
#####.#### #.
..........#
#.......# #.
..####.#..##
#.#####.# #.
..##.##...####.#
#.###.
.........##....#
#.....
##....##.##.##.#
#.###.


You could see an orc.

Vanquished Creatures
  4 adders
  An ufetubus (D:2)
  2 worms (D:1)
  An orc (D:3)
  4 endoplasms
  2 giant cockroaches
  6 goblins
  3 hobgoblins
  3 jackals (D:2)
  A quokka (D:3)
  5 ball pythons
  2 bats
  3 frilled lizards
  3 kobolds
  6 rats
46 creatures vanquished.

Notes
Turn   | Place    | Note
-------+----------+-------------------------------------------
     0 | D:1      | qw the Tengu Warper began the quest for the Orb.
     0 | D:1      | Reached XP level 1. HP: 12/12 MP: 4/4
     0 | D:1      | 0 ||| qw: Version: 0.1-a-89-g26bdef1
     0 | D:1      | 0 ||| qw: Game counter: 1363
     0 | D:1      | 0 ||| qw: Always use a shield: true
     0 | D:1      | 0 ||| qw: God list: Okawaru
     0 | D:1      | 0 ||| qw: Allow faded altars: false
     0 | D:1      | 0 ||| qw: Do Orc after D:15 true
     0 | D:1      | 0 ||| qw: Do second Lair branch before Depths: true
     0 | D:1      | 0 ||| qw: Lair rune preference: random
     0 | D:1      | 0 ||| qw: Plans: Normal
     0 | D:1      | 0 ||| PLANNING D:1-11
    75 | D:1      | 75 ||| Stepping ~*~*~tactically~*~*~ (stealth).
    82 | D:1      | 82 ||| Stepping ~*~*~tactically~*~*~ (stealth).
    90 | D:1      | Reached skill level 3 in Axes
    90 | D:1      | Reached XP level 2. HP: 12/17 MP: 6/6
    95 | D:1      | 95 ||| Stepping ~*~*~tactically~*~*~ (stealth).
   717 | D:1      | 717 ||| UPGRADING to +0 chain mail.
   727 | D:1      | 727 ||| DROPPING +0 leather armour.
   728 | D:1      | 728 ||| READING scroll labelled OCENNOIHAO.
   729 | D:1      | 729 ||| READING scroll labelled GIZXAP ZAARUE.
   730 | D:1      | 730 ||| READING scroll labelled MYSCHO PAMOIS.
   862 | D:1      | 862 ||| READING scroll labelled ILLESUOHIE.
   863 | D:1      | 863 ||| READING 2 scrolls labelled FAEXKE VIFAO.
   864 | D:1      | 864 ||| READING scroll labelled JEQAS MUOLALERCH.
   869 | D:1      | 869 ||| DROPPING scroll of blinking.
   912 | D:2      | Reached XP level 3. HP: 21/21 MP: 7/7
   981 | D:2      | Reached skill level 4 in Axes
  1187 | D:2      | Found a burning altar of Makhleb.
  1252 | D:2      | Reached XP level 4. HP: 11/26 MP: 8/8
  1258 | D:2      | 1258 ||| Stepping ~*~*~tactically~*~*~ (stealth).
  1260 | D:2      | 1260 ||| Stepping ~*~*~tactically~*~*~ (stealth).
  1492 | D:2      | 1492 ||| Stepping ~*~*~tactically~*~*~ (stealth).
  1494 | D:2      | 1494 ||| Stepping ~*~*~tactically~*~*~ (stealth).
  1863 | D:3      | 1863 ||| Stepping ~*~*~tactically~*~*~ (stealth).
  1955 | D:3      | 1955 ||| READING scroll of enchant weapon.
  1955 | D:3      | 1955 ||| ENCHANTING +1 hand axe.
  2019 | D:3      | 2019 ||| Stepping ~*~*~tactically~*~*~ (stealth).
  2098 | D:3      | 2098 ||| DROPPING +0 club.
  2190 | D:3      | 2190 ||| Stepping ~*~*~tactically~*~*~ (stealth).
  2194 | D:3      | Found a faded altar of an unknown god.
  2197 | D:3      | Reached skill level 5 in Axes
  2248 | D:3      | HP: 4/26 [orc/+0 war axe (8)]
  2249 | D:3      | 2249 ||| READING 3 scrolls of teleportation.
  2250 | D:3      | Slain by an orc

Levels and vault maps discovered:
D:1:      scummos_arrival_checkerplants, layout_loops_cross,
          grunt_decor_one_mirror, nicolae_wormholes
D:2:      layout_loops_ring, basic_altar, minmay_misc_feat_alley
D:3:      layout_loops_ring, hellmonk_ecumenical_altar_blasted

Skill      XL: |  1  2  3  4 |
---------------+-------------+-----
Axes           | 3 4 5 |  5.1
Fighting       | |  2.0
Throwing       | |  1.0
Armour         | |  1.1
Dodging        | |  2.1
Spellcasting   | |  2.0
Translocations | |  2.4

Action                   |  1- 3 |  4- 6 || total
-------------------------+-------+-------++-------
Melee: Hand axe          |    49 |    50 ||    99
       Kick              |    12 |    11 ||    23
       Peck              |     6 |     8 ||    14
       Punch             |       |     1 ||     1
Throw: Boomerang         |     7 |       ||     7
  Use: Scroll            |     6 |     2 ||     8
Armor: Chain mail        |    17 |    17 ||    34
Dodge: Dodged            |    18 |     9 ||    27

Table legend:
 A = Non-vault XP
 B = Vault XP
 C = Vault XP percentage of total XP
 D = Non-vault monster count
 E = Vault monster count
 F = Vault count percentage of total count
                 A         B        C        D         E       F
            +---------+---------+-------+---------+---------+-------
      Total |     120 |      10 |   7.7 |      44 |       2 |   4.3
            +---------+---------+-------+---------+---------+-------
        D:1 |      15 |      10 |  40.0 |      10 |       2 |  16.7
        D:2 |      71 |       0 |   0.0 |      20 |       0 |   0.0
        D:3 |      34 |       0 |   0.0 |      14 |       0 |   0.0
            +---------+---------+-------+---------+---------+-------
